Saphire, neutral female gnomish Healer ----- ------ --------------- # |...| |....| |.............| #------------ |_..| ##.....| |.............-##### #|...........#### ##..(..# |....| |.............| # -------- #|..........| # -+-|-# |....| |.......(*....+ ##.......| # #|...........###### ### # |....| |......>......| |......| # #|..........| # # -|---- -------.------- #.......| ###|)..........# ### # ## #### ###|.......#######...........|# f # # # # ###.......| -------.----#####@# # # # ## # |......| ## . . ### # # -------- |. .| # --.-- ## |.. .|########....| --------.-- |). .|# # |{..| |[<.......| +.../|# ##....| |.........| ------# ----- |..........# ######################################## ----------- Saphire the Rhizotomist Experience level: 2 Strength: 11 Dexterity: 8 Constitution: 17 Intelligence: 7 Wisdom: 16 Charisma: 16 Health: 12(12) Energy: 10(10) Def: 3 Gold: 1799 Moves: 805 Dungeon seed: kA4QXeW6lcbeVwFt Game ID: Saphire_1532351582 Your Inventory: Coins $ - 1799 gold pieces Weapons a - a +0 scalpel (alternate weapon; not wielded) p - a blessed +2 aklys u - a blessed +4 elven dagger (weapon in hand) Armor e - an uncursed +1 pair of leather gloves (being worn) N - a blessed +0 pair of elven boots (being worn) Comestibles k - 5 blessed eucalyptus leaves l - 3 blessed sprigs of wolfsbane m - 2 blessed cloves of garlic o - 6 uncursed apples t - 2 uncursed lichen corpses w - an uncursed sprig of wolfsbane Scrolls s - an uncursed scroll of identify v - an uncursed scroll of remove curse z - a cursed scroll of genocide Spellbooks h - a blessed spellbook of healing i - a blessed spellbook of extra healing Potions c - 4 uncursed potions of healing d - 3 uncursed potions of extra healing f - a blessed potion of extra healing Wands g - a wand of sleep (0:6) A - a wand of speed monster (0:5) Tools q - an uncursed stethoscope y - an uncursed tin whistle Gems n - an uncursed worthless piece of white glass r - an uncursed jasper Spells and supernatural/magical abilities: Name Level Category Fail Memory h - healing 1 healing 23% 96% x - extra healing 3 healing 100% 96% S - stone to flesh 3 healing 100% 96% W - pray for help -- divine ? -- Your skills at the end: Miscellaneous Skills wands [Basic] Weapon Skills knife [Basic] crossbow [Basic] Spellcasting Skills healing spells [Basic] Final Attributes: You were devoutly aligned. You were poison resistant. You had infravision. You were very stealthy. You survived. Vanquished creatures: a jackal a kobold 4 newts 2 goblins 2 lichens 10 creatures vanquished. Voluntary challenges: You did not adorn yourself with jewelry or accessories. You did not cause conflict. You were not invisible. You did not have reflection. You were not displaced. You used a wielded weapon 9 times, starting on turn 93. You did not apply a unicorn horn. You did not use plumbed fixtures. You did not drink any magical draughts. You were illiterate. You never genocided any monsters. You never polymorphed an object. You never changed form. You used no wishes. You never split a pudding. You never wrote Elbereth's name. You never violated your personal moral code. Dungeon overview: The Dungeons of Doom: levels 1 to 3 Level 1 some fountains a long staircase Level 2 <- You were here an altar to Athena, a fountain Level 3 History has recorded: On T:1 you entered the Dungeons of Doom to retrieve the Amulet of Yendor! On T:44 you reached level 2 of The Dungeons of Doom. On T:354 you reached level 3 of The Dungeons of Doom. On T:599 you advanced to experience level 2. Score breakdown: Gold: 6 ( 0 points) Experience: 2 levels ( 100 points) Exploration: 3 levels ( 60 points) Discoveries: 2 items ( 100 points) Variety of kills: 5 monsters ( 250 points) Major goal: (nothing yet) ( 0 points) Survival: quit (score multiplied by 3) Total score: 1530 Latest messages: Hello Saphire, the gnomish Healer, welcome back to NetHack! Be careful! New moon tonight. Final status: Goodbye Saphire the Healer, quit... You quit in The Dungeons of Doom on dungeon level 2 with 1530 points, and 1799 pieces of gold, after 805 moves. You were level 2 with a maximum of 12 hit points when you quit.